 Dungeon Crawl Stone Soup version 0.30-a0-793-g160f7cfddd (webtiles) character file.

Game seed: 17621125121870707635

74 hikkokomori the Digger (level 4, -3/26 HPs)
             Began as a Gargoyle Earth Elementalist on Feb 19, 2023.
             Slain by an orc priest
             ... wielding a +2 flail of protection
              (10 damage)
             ... on level 2 of the Dungeon.
             The game lasted 00:02:08 (1729 turns).

hikkokomori the Digger (GrEE)                       Turns: 1729, Time: 00:02:08

Health: -3/26      AC:  5    Str: 12    XL:     4   Next: 30%
Magic:  7/7        EV: 11    Int: 17    God:
Gold:   1179       SH:  0    Dex: 10    Spells: 6/7 levels left

rFire   . . .      SeeInvis .    k - +0 long sword
rCold   . . .      Faith    .    (no shield)
rNeg    + . .      Spirit   .    a - +0 robe
rPois   ∞          Reflect  .    (no helmet)
rElec   +          Harm     .    (no cloak)
rCorr   .          Rampage  .    (no gloves)
Will    .....                    (no boots)
Stlth   ++                       (no amulet)
HPRegen 0.24/turn                (no ring)
MPRegen 0.10/turn                (no ring)

@: no status effects
A: sickness immunity, AC +3, negative energy resistance 1, electricity
resistance, torment resistance 1, petrification resistance
a: no special abilities


You were on level 2 of the Dungeon.
You visited 1 branch of the dungeon, and saw 3 of its levels.

You collected 1179 gold pieces.

Inventory:

Hand Weapons
 k - a +0 long sword (weapon)
Armour
 a - a +0 robe (worn)
Magical Staves
 o - a staff of death
Jewellery
 c - a ring of willpower
 i - a ring of flight
Scrolls
 d - a scroll of poison
 f - a scroll of teleportation
Potions
 b - a potion of magic
 e - a potion of might {unknown}
 g - a potion of heal wounds {unknown}
 h - a potion of degeneration {unknown}
 j - a potion of flight {unknown}
 l - a potion of resistance {unknown}


   Skills:
 + Level 2.1 Fighting
 - Level 1.5 Dodging
 + Level 3.5 Stealth
 - Level 2.0 Spellcasting
 - Level 0.7 Transmutations
 + Level 4.5 Earth Magic


You had 6 spell levels left.
You knew the following spells:

 Your Spells              Type           Power      Damage    Failure   Level
a - Sandblast             Erth           34%        2d9       3%          1

Your spell library contained the following spells:

 Spells                   Type           Power      Damage    Failure   Level
 Passwall                 Tmut/Erth      8%         N/A       10%         2
 Stone Arrow              Conj/Erth      18%        3d8       22%         3
 Petrify                  Tmut/Erth      10%        N/A       54%         4


Dungeon Overview and Level Annotations

Branches:
Dungeon (3/15)

Altars:

Annotations:
D:3 1 transporter


Innate Abilities, Weirdness & Mutations

You are immune to sickness and miasma.
Your stone body is resilient. (AC +3)
You are immune to poison.
You resist negative energy. (rN+)
You are resistant to electric shocks. (rElec)
You are resistant to unholy torment.
You are immune to petrification.


Message History

Confirm with . or Enter, or press ? or * to list all spells.
Aiming: Sandblast (safe; 3% risk of failure)
Press: ? - help, Shift-Dir - straight line, f - orc priest
Aim: an orc priest, wielding a +2 flail of protection (82% to hit)
The blast of sand hits the orc priest but does no damage.
Casting: Sandblast (safe; 3% risk of failure)
Confirm with . or Enter, or press ? or * to list all spells.
Aiming: Sandblast (safe; 3% risk of failure)
Press: ? - help, Shift-Dir - straight line, f/p - orc priest
Aim: an orc priest, wielding a +2 flail of protection (82% to hit)
The blast of sand hits the orc priest.
The orc priest is moderately wounded.
The orc priest barely misses you. x2
Casting: Sandblast (safe; 3% risk of failure)
Confirm with . or Enter, or press ? or * to list all spells.
You don't have enough magic to cast this spell.
Unknown command.
The orc priest attacks as you move away!
The orc priest hits you with a +2 flail of protection!
The orc priest attacks as you move away!
The orc priest closely misses you.
There is a stone staircase leading up here.
The orc priest hits you with a +2 flail of protection!
You climb upwards.
There is a stone staircase leading down here.
Casting: Sandblast (safe; 3% risk of failure)
Confirm with . or Enter, or press ? or * to list all spells.
Aiming: Sandblast (safe; 3% risk of failure)
Press: ? - help, Shift-Dir - straight line, f - orc priest
Aim: an orc priest, wielding a +2 flail of protection (moderately wounded, 82% to hit)
The blast of sand hits the orc priest but does no damage.
The orc priest is moderately wounded.
The orc priest hits you but does no damage.
You hit the orc priest. Your punch misses the orc priest.
The orc priest is severely wounded.
The orc priest hits you with a +2 flail of protection.
* * * LOW HITPOINT WARNING * * *
Magic courses through your body.
The orc priest hits you with a +2 flail of protection!
You die...

..........###....##.....######
.................##..........#
..........................##.#
###..........................#
###........................#.#
.........................#.#.#
...........)####.........+.#.##
............###..........##...#
......#.....##..@.............#
......#.....##..o.......###...###
......#..........................
###...##....................#####
......##.......#.................
......##........#......####.#####
......##...............'..#......
###...######....÷......##.#######
......# #......#....##.#


You could see an orc priest.

Vanquished Creatures
  2 adders (D:2)
  An orc (D:3)
  2 endoplasms
  A giant cockroach (D:1)
  A goblin (D:2)
  4 hobgoblins
  6 jackals
  4 kobolds
  3 quokkas
  2 ball pythons (D:2)
  3 bats
  2 frilled lizards (D:1)
  6 rats
37 creatures vanquished.

Vanquished Creatures (others)
  An orc wizard (D:3)
1 creature vanquished.

Grand Total: 38 creatures vanquished

Notes
Turn   | Place    | Note
-------+----------+-------------------------------------------
     0 | D:1      | hikkokomori the Gargoyle Earth Elementalist began the quest
                  | for the Orb.
     0 | D:1      | Reached XP level 1. HP: 10/10 MP: 3/3
   166 | D:1      | Reached XP level 2. HP: 16/16 MP: 1/5
   340 | D:1      | Reached skill level 1 in Fighting
   395 | D:1      | Reached skill level 4 in Earth Magic
   707 | D:1      | Found a faded altar of an unknown god.
  1052 | D:2      | Reached XP level 3. HP: 20/20 MP: 4/6
  1665 | D:3      | Identified a scroll of acquirement
  1665 | D:3      | Acquired 1034 gold pieces
  1674 | D:3      | Found a transporter.
  1678 | D:3      | Noticed a kobold demonologist
  1719 | D:3      | Reached XP level 4. HP: 26/26 MP: 4/7
  1729 | D:2      | Slain by an orc priest

Illustrated notes

Levels and vault maps discovered:
D:1:      lightli_arrival_statuegarden, layout_basic,
          chequers_ecumenical_altar_simple
D:2:      layout_basic
D:3:      gammafunk_wand_slinger, layout_loops_cross, portal_sewer_entry_b,
          kennysheep_orc_chapel

Skill      XL: |  1  2  3 |
---------------+----------+-----
Fighting       | 1 2 |  2.1
Earth Magic    | 4 |  4.5
Stealth        | 3 |  3.5
Dodging        | |  1.5
Spellcasting   | |  2.0
Transmutations | |  0.7

Action                     |  1- 3 |  4- 6 || total
---------------------------+-------+-------++-------
  Melee: Long sword        |     1 |     1 ||     2
   Cast: Sandblast         |    43 |     5 ||    48
    Use: Scroll            |     4 |       ||     4
         Potion            |       |     1 ||     1
 Armour: Robe              |     7 |     1 ||     8
  Dodge: Dodged            |    12 |     3 ||    15

Table legend: (Time is in decaauts)
 A = Elapsed time spent in this place.
 B = Non-inter-level travel time spent in this place.
 C = Inter-level travel time spent in this place.
 D = Time resting spent in this place.
 E = Time spent auto-exploring this place.
 F = Levels seen in this place.
 G = Mean time per level.
                   A        B        C        D        E       F      G
               +--------+--------+--------+--------+--------+-----+--------+
         Total |   1753 |   1692 |     61 |      0 |   1483 |   3 |  584.3 |
       Dungeon |   1753 |   1692 |     61 |      0 |   1483 |   3 |  584.3 |
               +--------+--------+--------+--------+--------+-----+--------+

Top non-repeatable levels by time:
     D:1: 918 daAuts
     D:2: 767 daAuts
     D:3: 67 daAuts
